 Dungeon Crawl Stone Soup version 0.28-a0-80-g9707f7362f (webtiles) character file.

Game seed: 6705717945017848191

131 pyrow613 the Skirmisher (level 5, -10/59 HPs)
             Began as an Ogre Fighter on Aug 4, 2021.
             Mangled by Crazy Yiuf (13 damage)
             ... on level 2 of the Dungeon.
             The game lasted 00:04:39 (3067 turns).

pyrow613 the Skirmisher (Ogre Fighter)              Turns: 3067, Time: 00:04:40

Health: -10/59     AC:  3    Str: 21    XL:     5   Next: 14%
Magic:  5/5        EV:  8    Int:  9    God:
Gold:   85         SH:  8    Dex:  8    Spells: 4/4 levels left

rFire   . . .      SeeInvis .   a - +0 war axe
rCold   . . .      Faith    .   c - +0 kite shield
rNeg    . . .      Spirit   .   b - +0 robe
rPois   .          Reflect  .   (helmet restricted)
rElec   .          Harm     .   (no cloak)
rCorr   .          Rampage  .   (gloves unavailable)
Will    .....                   (boots unavailable)
Stlth   +.........              (no amulet)
HPRegen 0.19/turn               (no ring)
MPRegen 0.09/turn               (no ring)

@: mighty, lethally poisoned (-10 -> -18), studying Polearms
A: large, unfitting armour, tough skin 1
a: no special abilities


You were on level 2 of the Dungeon.
You visited 1 branch of the dungeon, and saw 2 of its levels.

You collected 85 gold pieces.

Inventory:

Hand Weapons
 a - a +0 war axe (weapon)
Missiles
 e - 172 stones
 f - 21 poisoned darts (quivered)
Armour
 b - a +0 robe (worn)
 c - a +0 kite shield (worn)
Scrolls
 i - 2 scrolls of identify {unknown}
Potions
 d - a potion of might
 g - a potion of mutation {unknown}
 h - 3 potions of heal wounds {unknown}


   Skills:
 * Level 6.2 Fighting
 - Level 2.6 Axes
 - Level 2.6 Dodging
 + Level 3.5 Shields


You had 4 spell levels left.
You didn't know any spells.
Your spell library was empty.

Dungeon Overview and Level Annotations

Branches:
Dungeon (2/15)

Altars:

Annotations:
D:2 Crazy Yiuf


Innate Abilities, Weirdness & Mutations

You are too large for most types of armour.
You have tough skin. (AC +1)


Message History

You open the door.
There is an open door here.
You see here a +0 dagger.
Crazy Yiuf shouts!
No reachable target in view!
Okay, then.
You open the door. You block Crazy Yiuf's attack.
There is an open translucent door here.
You slash Crazy Yiuf!
Crazy Yiuf is moderately wounded.
Crazy Yiuf hits you with a +2 quarterstaff of chaos.
You are electrocuted!
You barely miss Crazy Yiuf.
Crazy Yiuf is moderately wounded.
You block Crazy Yiuf's attack. Crazy Yiuf barely misses you.
You slash Crazy Yiuf!
Crazy Yiuf is severely wounded.
Crazy Yiuf hits you with a +2 quarterstaff of chaos!
Crazy Yiuf freezes you. You block Crazy Yiuf's attack.
You hit Crazy Yiuf but do no damage.
Crazy Yiuf is severely wounded.
Crazy Yiuf sings, "Trees, trees, trees, circus!"
Crazy Yiuf hits you with a +2 quarterstaff of chaos!
You suddenly lose the ability to move!
Crazy Yiuf hits you with a +2 quarterstaff of chaos!
* * * LOW HITPOINT WARNING * * *
You feel very mighty all of a sudden.
Crazy Yiuf hits you with a +2 quarterstaff of chaos.
* * * LOW HITPOINT WARNING * * *
You are lethally poisoned!
You can move again.
You hit Crazy Yiuf.
Crazy Yiuf is almost dead.
* * * LOW HITPOINT WARNING * * *
You feel very sick.
Crazy Yiuf grits, "Announcement illywillydillykilly canine!"
You block Crazy Yiuf's attack.
Crazy Yiuf hits you with a +2 quarterstaff of chaos!
You die...

#..##.[...#...#
#.#....#.#
##.##.....#####
##.######.#
#..#.....#
#.........#
##.#....##
#######.###
###......# #.##
#........#
#######..#
#........# ####
###.#..#.#.#
#........#
#...##..#.......#
#........#
#..g@.####......#
#....(...#
#)..### ##.#..##
#........# ####
###### #......>.#
#........#
##########


You could see Crazy Yiuf.

Vanquished Creatures
  Terence (D:2)
  A hound skeleton (D:2)
  4 adders (D:2)
  5 ball pythons
  2 endoplasms (D:1)
  2 goblins (D:1)
  7 hobgoblins
  7 jackals (D:2)
  4 quokkas
  9 bats
  2 frilled lizards
  9 kobolds
53 creatures vanquished.

Vanquished Creatures (others)
  4 plants (D:1)
4 creatures vanquished.

Grand Total: 57 creatures vanquished

Notes
Turn   | Place    | Note
-------+----------+-------------------------------------------
     0 | D:1      | pyrow613 the Ogre Fighter began the quest for the Orb.
     0 | D:1      | Reached XP level 1. HP: 24/24 MP: 1/1
   409 | D:1      | Reached XP level 2. HP: 30/32 MP: 2/2
   946 | D:1      | Reached XP level 3. HP: 34/40 MP: 3/3
  1369 | D:1      | Found a faded altar of an unknown god.
  1673 | D:2      | Found a runed translucent door.
  1674 | D:2      | Noticed Crazy Yiuf
  1914 | D:2      | Reached skill level 5 in Fighting
  1977 | D:2      | Reached XP level 4. HP: 23/50 MP: 4/4
  2824 | D:2      | Noticed Terence
  2831 | D:2      | Killed Terence
  2832 | D:2      | Reached skill level 6 in Fighting
  2832 | D:2      | Reached XP level 5. HP: 40/59 MP: 5/5
  3064 | D:2      | Paralysed by Crazy Yiuf for 3 turns
  3067 | D:2      | Mangled by Crazy Yiuf

Illustrated notes

Levels and vault maps discovered:
D:1:      evilmike_arrival_rings, layout_loops_ring,
          shapermc_ecumenical_altar_mp_vishouse, minivault_25,
          chequers_big_river
D:2:      layout_basic, uniq_terence, uniq_crazy_yiuf_cottage

Skill      XL: |  1  2  3  4 |
---------------+-------------+-----
Shields        | 3 |  3.5
Fighting       | 5 6 |  6.2
Axes           | |  2.6
Dodging        | |  2.6

Action                   |  1- 3 |  4- 6 || total
-------------------------+-------+-------++-------
Melee: War axe           |   101 |    65 ||   166
Armor: Robe              |    53 |    17 ||    70
Dodge: Dodged            |    56 |    31 ||    87
Block: Kite shield       |    65 |    38 ||   103

Table legend: (Time is in decaauts)
 A = Elapsed time spent in this place.
 B = Non-inter-level travel time spent in this place.
 C = Inter-level travel time spent in this place.
 D = Time resting spent in this place.
 E = Time spent auto-exploring this place.
 F = Levels seen in this place.
 G = Mean time per level.
                   A        B        C        D        E       F      G
               +--------+--------+--------+--------+--------+-----+--------+
         Total |   3174 |   3151 |     23 |    265 |   2420 |   2 | 1587.0 |
       Dungeon |   3174 |   3151 |     23 |    265 |   2420 |   2 | 1587.0 |
               +--------+--------+--------+--------+--------+-----+--------+

Top non-repeatable levels by time:
     D:1: 1671 daAuts
     D:2: 1503 daAuts
